 Dungeon Crawl Stone Soup version 0.15-a0-1569-gdbe329f (console) character file.

58718 swampdragon the Cleaver (level 14, -1/129 HPs)
             Began as a Minotaur Fighter on June 17, 2014.
             Was the Champion of Cheibriados.
             Slain by a golden dragon simulacrum (19 damage)
             ... in an ice cave on June 18, 2014.
             The game lasted 01:17:57 (7919 turns).

swampdragon the Cleaver (Minotaur Fighter)          Turns: 7919, Time: 01:17:57

HP  -1/129       AC 39     Str 42      XL: 14   Next: 50%
MP  24/24        EV 18     Int 20      God: Cheibriados [******]
Gold 868         SH 13     Dex 22      Spells:  3 memorised,  2 levels left

rFire  x . .     SeeInvis .     (no weapon)
rCold  + . .     Clarity  .     M - +3 plate armour {rN+}
rNeg   + + .     rCorr    .     G - +0 shield
rPois  .         rRot     .     (helmet restricted)
rElec  .         Spirit   .     H - +1 cloak
SustAb .         Warding  +     J - +2 pair of gloves {archery}
rMut   .         Stasis   .     b - +2 pair of boots
Gourm  .                        D - amulet of warding
MR     +....                    t - ring of Xom's Sleight of Hands {AC+5 Str+2 Slay+6}
                                h - ring of ice

@: very slow, somewhat resistant to hostile enchantments, extremely unstealthy
A: retaliatory headbutt, horns 2, rough black scales 2, weak 1
a: Bend Time, Temporal Distortion, Slouch, Step From Time, Renounce Religion


You were in an ice cave.
You worshipped Cheibriados.
Cheibriados was exalted by your worship.
You were full.

You visited 4 branches of the dungeon, and saw 24 of its levels.
You also visited: Labyrinth and Ice Cave.

You collected 1883 gold pieces.
You spent 1015 gold pieces at shops.

Inventory:

Hand weapons
 n - a +1 blowgun
 B - the +12 hand axe "Undertaker" {chop, rF+ rN+}
   (You found it on level 5 of the Dungeon)

   It inflicts extra damage upon your enemies.
   It protects you from fire.
   It protects you from negative energy.
Missiles
 p - 3 javelins of penetration
 P - 5 poisoned javelins (quivered)
Armour
 b - a +2 pair of boots (worn)
 G - a +0 shield (worn)
 H - a +1 cloak (worn)
 J - a +2 pair of gloves of archery (worn)
 M - a +3 plate armour of positive energy (worn)
 R - a +2 chain mail of poison resistance
 S - a troll hide
 T - a +0 pair of gloves of dexterity
Magical devices
 i - a wand of disintegration (15)
 w - a wand of teleportation (4)
 N - a wand of digging (12)
Comestibles
 d - 6 bread rations
 s - 4 beef jerkies
 C - 4 meat rations
Scrolls
 a - 2 scrolls of fog
 e - 5 scrolls of blinking
 f - 12 scrolls of teleportation
 g - 4 scrolls of enchant armour
 j - 6 scrolls of remove curse
 l - 4 scrolls of recharging
 r - 2 scrolls of immolation
 A - 3 scrolls of amnesia
 V - 2 scrolls of vulnerability
 Y - a scroll of fear
Jewellery
 h - a ring of ice (left hand)
 m - an uncursed ring of flight
 t - the ring of Xom's Sleight of Hands (right hand) {AC+5 Str+2 Slay+6}
   (You found it in an ice cave)

   [ring of protection]

   It affects your AC (+5).
   It affects your strength (+2).
   It affects your accuracy and damage with ranged weapons and melee attacks
   (+6).
 D - an amulet of warding (around neck)
 K - the ring "Osuq" {rN+ Str+3 Dex+3}
   (You found it in a labyrinth)

   [ring of positive energy]

   It affects your strength (+3).
   It affects your dexterity (+3).
   It protects you from negative energy.
 L - an uncursed amulet of stasis
 X - an uncursed ring of protection from magic
Potions
 o - 2 potions of brilliance
 q - a potion of flight
 u - 3 potions of mutation
 v - 7 potions of heal wounds
 x - 3 potions of restore abilities
 z - 2 potions of magic
 E - 3 potions of agility
 F - 2 potions of resistance
 Q - 2 potions of might
 Z - 7 potions of curing
Miscellaneous
 k - a legendary deck of summonings
 O - a fan of gales


   Skills:
 + Level 13.0 Fighting
 - Level 14.0 Axes
 + Level 11.4 Armour
 + Level 13.6 Dodging
 - Level 3.6 Shields
 + Level 10.4 Invocations
 - Level 8.0 Evocations


You had 2 spell levels left.
You knew the following spells:

 Your Spells              Type           Power        Failure   Level  Hunger
a - Cure Poison           Pois           #.........   100%        2    ###....
b - Passage of Golubria   Tloc           N/A          100%        4    #####..
c - Lee's Rapid Deconstr  Erth           #.........   100%        5    ######.


Dungeon Overview and Level Annotations

Branches:
Dungeon (11/15)            Temple (0/1) D:5             Orc (4/4) D:11
    Elf (0/3) Orc:4          Lair (8/8) D:11         Shoals (0/5) Lair:6
 Spider (1/5) Lair:5        Slime (0/6) Lair:6

Altars:
Ashenzari
Cheibriados
Fedhas
Nemelex Xobeh
Trog
Vehumet
The Shining One
Beogh

Shops:
D:5 [   Orc:4 ?}?!

Annotations:
D:9 Econoterrorist's ghost, experienced DrTm
Lair:7 exclusion: oklob plant


Innate Abilities, Weirdness & Mutations

You reflexively headbutt those who attack you in melee.
You have a pair of horns on your head.
You are mostly covered in rough black scales (AC +7, Dex -2).
You are weak. (Str -2)


Message History

You resist.
* * * LOW HITPOINT WARNING * * *
You hold your ground!
You hit the golden dragon simulacrum but do no damage.
The golden dragon simulacrum bites you but does no damage.
The golden dragon simulacrum misses you.
You block the golden dragon simulacrum's attack.
You hit the golden dragon simulacrum but do no damage.
The golden dragon simulacrum barely misses you.
You block the golden dragon simulacrum's attack.
The golden dragon simulacrum completely misses you.
Your plate armour prevents you from hitting the golden dragon simulacrum.
You headbutt the golden dragon simulacrum!
You hit the golden dragon simulacrum but do no damage.
You headbutt the golden dragon simulacrum, but do no damage.
The golden dragon simulacrum bites you!
* * * LOW HITPOINT WARNING * * *
The golden dragon simulacrum freezes you!!
You resist.
You die...

..# #..## #...#
...# . #..#
##≈## .Z#
##≈≈#≈ #Z#
#≈≈≈≈≈ ##@#
#≈≈≈≈≈##.##
≈≈≈≈≈≈≈≈#.#
≈≈≈≈≈≈≈≈≈##
≈≈≈≈≈≈≈≈≈##
##≈≈≈≈≈#≈≈#
###≈≈≈###≈##
#.########≈#
####§.§##.###.#


You could see a golden dragon simulacrum and a troll simulacrum.

Vanquished Creatures
  5 dire elephants (Lair:8)
  Snorg (Orc:3)
  A minotaur (Lab)
  The ghost of bernadottes the Fighter, a powerful DsAK of Lugonu (Orc:2)
  3 hydras
  An anaconda (Lair:8)
  2 ogre magi (Orc:4)
  An orc high priest (Orc:2)
  Urug (Orc:3)
  4 death yaks (Lair:7)
  An ice devil (IceCv)
  2 orb spiders (Spider:1)
  An ice statue (IceCv)
  2 deep trolls (Orc:4)
  2 hill giants (Orc:4)
  An oklob plant (Lair:6)
  7 wolf spiders (Spider:1)
  2 cyclopes (Orc:4)
  16 elephants
  Maurice (D:8)
  A black mamba (Lair:8)
  4 anaconda simulacra (IceCv)
  10 spiny frogs
  2 gargoyles (Lab)
  A komodo dragon (Lair:6)
  A black mamba (shapeshifter) (Spider:1)
  A golden dragon simulacrum (IceCv)
  A demonic crawler (Spider:1)
  2 freezing wraiths (IceCv)
  3 fire drakes (Lair:6)
  6 two-headed ogres (Orc:4)
  A polar bear (Lair:7)
  8 trolls
  4 jumping spiders (Spider:1)
  Prince Ribbit (Orc:1)
  2 basilisks
  6 blink frogs
  A formicid (Spider:1)
  4 redbacks (Spider:1)
  18 yaks
  A dire elephant simulacrum (IceCv)
  8 tarantellas (Spider:1)
  4 hungry ghosts (Lab)
  Eustachio (D:3)
  The ghost of swampdragon the Ruffian, an average MiMo (D:5)
  2 hippogriffs
  A deep elf mage (D:8)
  A steam dragon (D:8)
  4 wargs
  3 harpy simulacra (IceCv)
  An iron troll simulacrum (IceCv)
  A hydra simulacrum (IceCv)
  9 orc warriors
  10 wolves
  3 porcupines
  9 spiders
  11 water moccasins
  A phantom (D:8)
  The ghost of soonmide the Comforter, an average DDHe of Elyvilon (D:4)
  2 black bears (D:9)
  An ice beast (D:11)
  3 sky beasts
  A yellow wasp (Lair:7)
  An ettin simulacrum (IceCv)
  20 ogres
  4 centaurs
  Sigmund (D:4)
  3 crocodiles
  6 giant frogs
  3 scorpions
  An elephant simulacrum (IceCv)
  5 wights (D:10)
  6 killer bees (D:7)
  3 goliath beetles
  A crimson imp (D:9)
  A giant frog zombie (D:11)
  A lava snake (Lair:7)
  4 draconian simulacra (IceCv)
  7 orc priests
  3 hounds
  11 jellies (Lair:6)
  A quasit (D:7)
  2 spriggan simulacra (IceCv)
  17 orc wizards
  A big fish (Lair:4)
  Natasha (D:4)
  6 iguanas
  4 worker ants
  A wolf simulacrum (IceCv)
  8 sheep (Lair:6)
  4 troll simulacra (IceCv)
  A sky beast zombie (D:6)
  An ogre skeleton (D:8)
  A hound skeleton (D:8)
  2 naga simulacra (IceCv)
  4 shadow imps
  16 adders
  8 gnolls
  7 green rats
  2 giant mites
  19 white imps
  A worm (D:4)
  6 ufetubi (IceCv)
  An adder skeleton (D:10)
  3 giant geckos
  3 oozes (Lair:6)
  145 orcs
  11 bats
  2 giant cockroaches
  12 goblins
  4 hobgoblins
  2 jackals (D:5)
  3 giant newts
  7 kobolds
  A kobold skeleton (D:5)
  7 quokkas
  13 rats
  A rat skeleton (D:5)
  3 ballistomycetes (D:6)
  A bush (Lair:8)
  7 fungi
  7 plants
638 creatures vanquished.

Vanquished Creatures (others)
  3 white imps (IceCv)
  An ufetubus (IceCv)
  A giant spore (D:6)
  2 plants (Lair:8)
7 creatures vanquished.

Grand Total: 645 creatures vanquished

Notes
Turn   | Place    | Note
--------------------------------------------------------------
     0 | D:1      | swampdragon, the Minotaur Fighter, began the quest for the Orb.
     0 | D:1      | Reached XP level 1. HP: 19/19 MP: 1/1
   145 | D:2      | Reached XP level 2. HP: 23/26 MP: 1/1
   322 | D:3      | Reached skill level 4 in Axes
   323 | D:3      | Reached XP level 3. HP: 22/31 MP: 2/2
   411 | D:4      | Reached skill level 5 in Axes
   411 | D:4      | Reached XP level 4. HP: 10/39 MP: 2/2
   445 | D:4      | Noticed Eustachio
   445 | D:4      | Noticed a scorpion
   489 | D:3      | Found a snail-covered altar of Cheibriados.
   502 | D:3      | Killed Eustachio
   502 | D:3      | Reached skill level 7 in Axes
   502 | D:3      | Reached XP level 5. HP: 11/45 MP: 2/2
   623 | D:3      | Found a sparkling altar of Nemelex Xobeh.
   629 | D:3      | Found a radiant altar of Vehumet.
   736 | D:4      | Reached XP level 6. HP: 43/51 MP: 3/3
   761 | D:4      | Reached skill level 8 in Axes
   801 | D:4      | Noticed Natasha
   814 | D:4      | Killed Natasha
   853 | D:3      | Found a blossoming altar of Fedhas.
   857 | D:3      | Became a worshipper of Cheibriados the Contemplative
   878 | D:4      | Killed a scorpion
   878 | D:4      | Reached skill level 1 in Invocations
   895 | D:4      | Noticed soonmide's ghost (average DDHe)
   914 | D:4      | Killed soonmide's ghost
   934 | D:4      | Reached XP level 7. HP: 25/57 MP: 4/7
   956 | D:4      | Noticed Sigmund
   970 | D:4      | Killed Sigmund
  1119 | D:5      | Entered Level 5 of the Dungeon
  1119 | D:5      | Noticed swampdragon's ghost (average MiMo)
  1137 | D:5      | Killed swampdragon's ghost
  1304 | D:5      | Reached skill level 5 in Invocations
  1321 | D:5      | Reached skill level 9 in Axes
  1326 | D:5      | Found a staircase to the Ecumenical Temple.
  1362 | D:5      | Got a slimy hand axe
  1363 | D:5      | Identified the +12 hand axe "Undertaker" {chop, rF+ rN+} (You found it on level 5 of the Dungeon)
  1481 | D:5      | Found Bloeprop's Armour Emporium.
  1543 | D:5      | Reached XP level 8. HP: 52/64 MP: 10/10
  1684 | D:6      | Noticed a troll
  1689 | D:6      | Killed a troll
  1689 | D:6      | Reached skill level 10 in Axes
  2005 | D:8      | Reached XP level 9. HP: 40/73 MP: 15/15
  2034 | D:8      | Found a glowing golden altar of the Shining One.
  2035 | D:8      | Found a shattered altar of Ashenzari.
  2098 | D:8      | Reached skill level 5 in Fighting
  2147 | D:8      | Noticed Maurice
  2156 | D:8      | Killed Maurice
  2156 | D:8      | Reached skill level 11 in Axes
  2280 | D:7      | Acquired Cheibriados' first power
  2281 | D:7      | HP: 2/79 [killer bee (4)]
  2385 | D:5      | Bought a +2 pair of gloves of archery for 198 gold pieces
  2507 | D:8      | Learned a level 2 spell: Cure Poison
  2633 | D:9      | Found a bloodstained altar of Trog.
  2734 | D:9      | Noticed Econoterrorist's ghost (experienced DrTm)
  2737 | D:10     | Entered Level 10 of the Dungeon
  2755 | D:10     | Reached skill level 12 in Axes
  2755 | D:10     | Reached XP level 10. HP: 40/92 MP: 16/16
  2827 | D:10     | Acquired Cheibriados' second power
  2839 | D:10     | Reached skill level 1 in Dodging
  2987 | D:10     | Reached skill level 10 in Fighting
  3113 | D:11     | Found a staircase to the Lair.
  3120 | D:11     | Acquired Cheibriados' third power
  3197 | D:11     | Found a staircase to the Orcish Mines.
  3205 | Orc:1    | Entered Level 1 of the Orcish Mines
  3378 | Orc:2    | Reached skill level 5 in Dodging
  3407 | Orc:2    | Noticed bernadottes' ghost (powerful DsAK)
  3418 | Orc:2    | Killed bernadottes' ghost
  3433 | Orc:1    | Noticed Prince Ribbit
  3436 | Orc:1    | Killed Prince Ribbit
  3436 | Orc:1    | Reached skill level 13 in Axes
  3524 | Orc:2    | Found a roughly hewn altar of Beogh.
  3525 | Orc:2    | Noticed an orc high priest
  3557 | Orc:2    | Killed an orc high priest
  3557 | Orc:2    | Reached XP level 11. HP: 33/99 MP: 17/17
  3716 | Orc:4    | Entered Level 4 of the Orcish Mines
  3804 | Orc:3    | Noticed Urug
  3812 | Orc:3    | Noticed Snorg
  3816 | Orc:3    | Killed Urug
  3826 | Orc:3    | Killed Snorg
  4084 | Orc:4    | Found a staircase to the Elven Halls.
  4162 | Orc:4    | Noticed a hill giant
  4202 | Orc:4    | Reached skill level 14 in Axes
  4202 | Orc:4    | Reached skill level 10 in Dodging
  4212 | Orc:4    | Noticed an ogre mage
  4217 | Orc:4    | Noticed a deep troll
  4222 | Orc:4    | Noticed a deep troll
  4224 | Orc:4    | Noticed a hill giant
  4227 | Orc:4    | Killed a deep troll
  4237 | Orc:4    | Killed a hill giant
  4248 | Orc:4    | Killed an ogre mage
  4254 | Orc:4    | Killed a deep troll
  4258 | Orc:4    | Killed a hill giant
  4273 | Orc:4    | Found Kuantaek's Magic Scroll Shoppe.
  4273 | Orc:4    | Found Plastrionyl's Magic Scroll Shoppe.
  4279 | Orc:4    | Noticed an ogre mage
  4295 | Orc:4    | Killed an ogre mage
  4295 | Orc:4    | Reached XP level 12. HP: 63/108 MP: 20/20
  4306 | Orc:4    | Found Yhosigu's Distillery.
  4341 | Orc:4    | Found Kheegat's Gadget Emporium.
  4376 | Orc:4    | Bought a scroll of blinking for 82 gold pieces
  4376 | Orc:4    | Bought a scroll of vulnerability for 82 gold pieces
  4376 | Orc:4    | Bought a scroll of teleportation for 33 gold pieces
  4376 | Orc:4    | Bought a scroll of fog for 22 gold pieces
  4376 | Orc:4    | Bought a scroll of teleportation for 33 gold pieces
  4376 | Orc:4    | Bought a scroll of teleportation for 33 gold pieces
  4382 | Orc:4    | Bought a scroll of magic mapping for 49 gold pieces
  4382 | Orc:4    | Bought a scroll of enchant armour for 105 gold pieces
  4382 | Orc:4    | Bought a scroll of teleportation for 42 gold pieces
  4382 | Orc:4    | Bought a scroll of identify for 28 gold pieces
  4382 | Orc:4    | Bought a scroll of fear for 49 gold pieces
  4389 | Orc:4    | Bought a potion of heal wounds for 39 gold pieces
  4389 | Orc:4    | Bought a potion of curing for 26 gold pieces
  4389 | Orc:4    | Bought a potion of agility for 32 gold pieces
  4389 | Orc:4    | Bought a potion of might for 32 gold pieces
  4389 | Orc:4    | Bought a potion of poison for 13 gold pieces
  4389 | Orc:4    | Bought a potion of heal wounds for 39 gold pieces
  4389 | Orc:4    | Bought 2 potions of heal wounds for 78 gold pieces
  4395 | Orc:4    | Upgraded the game from 0.15-a0-1549-gb42009b to 0.15-a0-1569-gdbe329f
  4550 | Lair:1   | Entered Level 1 of the Lair of Beasts
  4577 | Lair:1   | Found a labyrinth entrance.
  4588 | Lab      | Entered a labyrinth
  5032 | Lab      | Noticed a minotaur
  5046 | Lab      | Killed a minotaur
  5121 | Lab      | Got a flickering ivory ring
  5124 | Lab      | Identified the ring "Osuq" {rN+ Str+3 Dex+3} (You found it in a labyrinth)
  5134 | Lair:1   | Identified a +2 rod of striking (12/12) (You found it in a labyrinth)
  5252 | Lair:2   | Reached skill level 1 in Evocations
  5376 | Lair:3   | You fall through a shaft!
  5396 | Lair:4   | Reached skill level 5 in Armour
  5554 | Lair:5   | Reached skill level 5 in Evocations
  5706 | Lair:5   | Found a hole to the Spider Nest.
  5792 | Lair:6   | Noticed a four-headed hydra
  5796 | Lair:6   | Killed a four-headed hydra
  5826 | Lair:6   | Found a staircase to the Slime Pits.
  5898 | Lair:6   | Gained mutation: You are partially covered in rough black scales (AC +4, Dex -1). [potion of mutation]
  5898 | Lair:6   | Gained mutation: You are weak. (Str -2) [potion of mutation]
  5898 | Lair:6   | Gained mutation: You are mostly covered in rough black scales (AC +7, Dex -2). [potion of mutation]
  5989 | Lair:6   | Reached XP level 13. HP: 116/116 MP: 21/21
  6013 | Lair:5   | Noticed a five-headed hydra
  6023 | Lair:5   | Killed a ten-headed hydra
  6177 | Lair:6   | Found a staircase to the Shoals.
  6207 | Lair:6   | Noticed a four-headed hydra
  6218 | Lair:6   | Killed a 11-headed hydra
  6352 | Lair:8   | Entered Level 8 of the Lair of Beasts
  6390 | Lair:8   | Learned a level 4 spell: Passage of Golubria
  6396 | Lair:8   | Learned a level 5 spell: Lee's Rapid Deconstruction
  6553 | Lair:7   | Reached skill level 10 in Armour
  6891 | Lair:8   | Noticed a dire elephant
  6891 | Lair:8   | Noticed a dire elephant
  6914 | Lair:8   | Killed a dire elephant
  6916 | Lair:8   | Killed a dire elephant
  6931 | Lair:8   | Identified a +6 rod of striking (13/13) (You found it on level 8 of the Lair of Beasts)
  6952 | Lair:8   | Noticed a dire elephant
  6959 | Lair:8   | Killed a dire elephant
  6974 | Lair:8   | Noticed a dire elephant
  6982 | Lair:8   | Killed a dire elephant
  6982 | Lair:8   | Reached XP level 14. HP: 48/126 MP: 23/23
  6984 | Lair:8   | Noticed a dire elephant
  6994 | Lair:8   | Killed a dire elephant
  7128 | Spider:1 | Entered Level 1 of the Spider Nest
  7252 | Spider:1 | Reached skill level 10 in Invocations
  7448 | Spider:1 | Found a frozen archway.
  7468 | IceCv    | Entered an ice cave
  7553 | IceCv    | Got a flickering glass ring
  7555 | IceCv    | Identified the ring of Xom's Sleight of Hands {AC+5 Str+2 Slay+6} (You found it in an ice cave)
  7919 | IceCv    | Slain by a golden dragon simulacrum

Action                   |  1- 3 |  4- 6 |  7- 9 | 10-12 | 13-15 || total
-------------------------+-------+-------+-------+-------+-------++-------
Melee: War axe           |    50 |    75 |    57 |       |       ||   182
       Hand axe          |       |       |   165 |   491 |   382 ||  1038
       Unarmed           |       |       |       |       |    34 ||    34
Throw: Javelin           |       |       |       |       |    12 ||    12
Invok: Bend Time         |       |     1 |     5 |    10 |     2 ||    18
       Slouch            |       |       |       |     1 |     1 ||     2
 Abil: Evoke Flight      |       |       |       |       |     1 ||     1
Evoke: Wand              |       |       |     4 |    12 |    18 ||    34
  Use: Potion            |       |     2 |     2 |     2 |     1 ||     7
       Scroll            |       |       |    10 |     6 |     6 ||    22
